AoeStats
← AOKI_Shogi

Arena

510412280Analyzed
4v4 RM · 2d ago on Sep 30, 2026· 50m 52s· 8 players
Game mode
Random Map
Map size
Large (8 player)
Population
200
Speed
Normal
Resources
Standard
Victory
Conquest
Starting age
Dark Age
Ending age
Imperial Age
RankedLock teamsTeams togetherTeam positionsShared explorationLock speedFull tech treeHidden civsTurbo modeCheats
Victory
Defeat
🇵🇪 Persians · Peru
1582
+12
🇦🇷 Italians · Argentina
1512
+15
🇨🇳 Jurchens · China
1457
+17
🇲🇽 Persians · Mexico
1451
+17
🇲🇦 Cumans · Morocco
1600
-21
🇨🇭 Malians · Switzerland
1490
-15
🇫🇷 Turks · France
1428
-13
🇫🇷 Bohemians · France
1401
-12
LvSP | LeON
10:08 Feudal Age
10:12 Loom
14:13 Castle Age
13:12 Double-Bit Axe
13:12 Horse Collar
15:15 Wheelbarrow
26:27 Gold Mining
26:50 Scale Barding Armor
26:53 Husbandry
27:05 Bloodlines
28:36 Chain Barding Armor
31:51 Hand Cart
33:58 Heavy Plow
37:21 Imperial Age
35:52 Bow Saw
37:19 Gold Shaft Mining
36:34 Stone Mining
37:43 Forging
37:07 Cavalier
38:43 Plate Barding Armor
38:10 Scale Mail Armor
38:30 Savar
41:24 Iron Casting
43:48 Citadels
43:41 Kamandaran
43:38 Fletching
45:19 Chemistry
44:39 Ballistics
44:25 Bodkin Arrow
44:47 Chain Mail Armor
44:16 Crossbowman
45:02 Thumb Ring
46:44 Blast Furnace
木薯大王
10:29 Feudal Age
11:15 Double-Bit Axe
14:45 Castle Age
13:31 Horse Collar
15:49 Bow Saw
15:40 Heavy Plow
21:42 Wheelbarrow
21:39 Gold Mining
22:55 Bloodlines
22:45 Husbandry
23:30 Husbandry
23:51 Scale Barding Armor
24:37 Forging
26:03 Chain Barding Armor
27:28 Iron Casting
36:38 Imperial Age
34:40 Fletching
34:50 Padded Archer Armor
35:06 Loom
35:39 Hand Cart
36:41 Elite Steppe Lancer
38:26 Blast Furnace
38:01 Plate Barding Armor
38:02 Conscription
38:05 Elite Skirmisher
38:57 Bodkin Arrow
39:17 Leather Archer Armor
40:12 Two-Man Saw
40:54 Chemistry
40:14 Ballistics
41:04 Bracer
41:37 Crop Rotation
43:35 Coinage
44:26 Fortified Bastions
44:22 Town Watch
45:20 Ring Archer Armor
46:29 Banking
LvSP | Réyiman
10:28 Feudal Age
14:13 Castle Age
12:02 Double-Bit Axe
12:13 Horse Collar
15:05 Bow Saw
14:58 Loom
23:24 Town Watch
26:37 Wheelbarrow
27:03 Gold Mining
27:33 Stone Mining
29:15 Hand Cart
32:45 Imperial Age
30:33 Scale Mail Armor
31:08 Forging
30:52 Fletching
31:13 Masonry
31:18 Squires
30:39 Pikeman
32:03 Gold Shaft Mining
31:50 Bodkin Arrow
32:39 Heavy Plow
32:52 Forging
34:10 Two-Man Saw
34:19 Chemistry
34:12 Conscription
34:35 Crop Rotation
34:43 Iron Casting
33:58 Capped Ram
35:10 Scale Barding Armor
35:27 Ballistics
37:25 Blast Furnace
37:24 Hoardings
37:37 Chain Mail Armor
37:43 Chain Barding Armor
37:31 Siege Ram
38:15 Halberdier
39:33 Chain Mail Armor
39:52 Architecture
39:11 Arson
40:59 Plate Barding Armor
40:10 Elite War Elephant
42:08 Plate Mail Armor
41:37 Murder Holes
42:05 Citadels
44:15 Sappers
46:02 Gambesons
51:14 Guard Tower
ROCKMAN 4
12:02 Feudal Age
15:39 Castle Age
20:06 Imperial Age
17:46 Double-Bit Axe
19:07 Fletching
19:24 Horse Collar
21:47 Chemistry
23:52 Loom
24:41 Bodkin Arrow
27:06 Bracer
28:31 Ballistics
32:32 Bow Saw
33:07 Town Watch
33:58 Wheelbarrow
35:45 Pirotechnia
36:08 Padded Archer Armor
36:48 Conscription
38:29 Leather Archer Armor
41:04 Ring Archer Armor
40:24 Elite Skirmisher
43:18 Hand Cart
44:48 Heavy Plow
45:36 Forging
45:26 Scale Mail Armor
46:52 Coinage
46:52 Squires
47:38 Chain Mail Armor
47:59 Iron Casting
48:40 Crop Rotation
49:13 Plate Mail Armor
50:27 Iron Casting
50:33 Arson
52:08 Blast Furnace
Yarcla
11:53 Feudal Age
13:40 Double-Bit Axe
13:48 Gold Mining
16:36 Castle Age
15:09 Horse Collar
21:05 Imperial Age
20:48 Bow Saw
22:49 Loom
23:21 Padded Archer Armor
24:32 Leather Archer Armor
36:22 Wheelbarrow
41:24 Thumb Ring
45:57 Fletching
46:41 Ring Archer Armor
46:52 Scale Barding Armor
48:38 Bloodlines
48:28 Husbandry
49:17 Conscription
BehCoY
9:14 Feudal Age
9:43 Double-Bit Axe
10:20 Horse Collar
10:41 Man-at-Arms
15:11 Wheelbarrow
15:54 Scale Mail Armor
18:55 Loom
21:35 Castle Age
19:50 Gold Mining
21:28 Scale Barding Armor
21:34 Forging
22:43 Chain Barding Armor
22:39 Bow Saw
23:36 Iron Casting
23:13 Bloodlines
25:03 Husbandry
30:26 Stone Mining
37:41 Imperial Age
36:23 Gold Shaft Mining
38:37 Heavy Camel Rider
39:54 Plate Barding Armor
41:00 Conscription
42:06 Fletching
49:33 Farimba
Skrillll
8:29 Feudal Age
9:12 Double-Bit Axe
12:34 Horse Collar
18:16 Wheelbarrow
22:00 Castle Age
20:43 Gold Mining
22:36 Scale Barding Armor
22:42 Forging
23:48 Bloodlines
24:08 Loom
25:19 Chain Barding Armor
27:07 Bow Saw
30:06 Hand Cart
32:55 Iron Casting
36:56 Imperial Age
34:37 Heavy Plow
35:09 Scale Mail Armor
34:31 Pikeman
35:11 Squires
37:18 Chain Mail Armor
37:03 Halberdier
38:32 Plate Mail Armor
39:03 Blast Furnace
38:56 Light Cavalry
39:36 Capped Ram
43:38 Cavalier
AOKI_Shogi
10:31 Feudal Age
15:20 Castle Age
14:06 Double-Bit Axe
14:17 Loom
15:27 Town Watch
16:18 Bow Saw
16:40 Horse Collar
17:54 Fletching
19:54 Heavy Plow
25:20 Wheelbarrow
29:20 Imperial Age
26:52 Bodkin Arrow
33:05 Imperial Age
35:17 Two-Man Saw
35:27 Chemistry
37:42 Ballistics
38:25 Bracer
38:26 Padded Archer Armor
37:59 Crossbowman
39:04 Padded Archer Armor
39:09 Arbalester
41:18 Leather Archer Armor
41:45 Siege Engineers
44:22 Elite Skirmisher
45:50 Houfnice
Connection lost

Rejoining the realm…

Still unreachable

The connection could not be restored.

Session expired

The server has moved on; the page needs a fresh start.